 Dungeon Crawl Stone Soup version 0.29-a0-22-gbf593b16ee (webtiles) character file.

Game seed: 14399724450509400500

2795 pokeman the Thaumaturge (level 9, -1/46 (49) HPs)
             Began as a Deep Elf Hedge Wizard on Jan 29, 2022.
             Was a Follower of Vehumet.
             Slain by a wight (2 damage)
             ... on level 8 of the Dungeon.
             The game lasted 00:23:45 (8345 turns).

pokeman the Thaumaturge (Deep Elf Hedge Wizard)     Turns: 8345, Time: 00:23:45

HP:   -1/46 (49)    AC:  6    Str:  7    XL:     9   Next: 43%
MP:   23/26         EV: 12    Int: 24    God:    Vehumet [*.....]
Gold: 213           SH:  0    Dex: 14    Spells: 20/31 levels left

rFire   . . .      SeeInvis .   o - +7 dagger "Queju" {venom, rElec}
rCold   . . .      Faith    .   (no shield)
rNeg    . . .      Spirit   .   C - +0 leather armour
rPois   .          Reflect  .   l - +0 helmet
rElec   +          Harm     .   (no cloak)
rCorr   .          Rampage  .   d - +0 pair of gloves
Will    .....                   x - +0 pair of boots
Stlth   ++........              (no amulet)
HPRegen 0.15/turn               (no ring)
MPRegen 0.20/turn               (no ring)

@: on blink cooldown, drained
A: no striking features
a: Renounce Religion


You were on level 8 of the Dungeon.
You worshipped Vehumet.
Vehumet was aware of your devotion.
You visited 2 branches of the dungeon, and saw 9 of its levels.

You collected 258 gold pieces.
You spent 45 gold pieces at shops.

Inventory:

Hand Weapons
 o - the +7 dagger "Queju" (weapon) {venom, rElec}
   (You found it on level 2 of the Dungeon)

   It poisons the flesh of those it strikes.
   rElec:     It insulates you from electricity.
 y - a +0 shortbow
Missiles
 e - 60 bolts
 h - 101 arrows
Armour
 d - a +0 pair of gloves (worn)
 l - a +0 helmet (worn)
 x - a +0 pair of boots (worn)
 C - a +0 leather armour (worn)
 D - a scarf of invisibility
 H - a +0 tower shield
Magical Staves
 s - a staff of fire
Wands
 p - a wand of flame (31)
 t - a wand of paralysis (8)
 w - a wand of digging (7)
 J - a wand of iceblast (5)
Scrolls
 a - 2 scrolls of torment {unknown}
 c - 3 scrolls of holy word {unknown}
 f - 4 scrolls of teleportation {unknown}
 g - a scroll of blinking {unknown}
 j - a scroll of immolation {unknown}
 q - 2 scrolls of fear {unknown}
 u - a scroll of brand weapon {unknown}
 v - 2 scrolls of magic mapping
 z - 3 scrolls of fog {unknown}
 A - 2 scrolls of noise {unknown}
 B - 5 scrolls of identify {unknown}
 E - a scroll of amnesia {unknown}
 G - a scroll of vulnerability {unknown}
Potions
 b - 2 potions of brilliance {unknown}
 i - 2 potions of heal wounds
 k - 7 potions of curing {unknown}
 m - a potion of invisibility
 n - 2 potions of haste {unknown}
 r - a potion of degeneration {unknown}
 F - a potion of flight {unknown}
 I - a potion of mutation {unknown}
 K - a potion of attraction {unknown}
 L - a potion of lignification {unknown}


   Skills:
 + Level 2.8 Fighting
 - Level 3.0 Armour
 - Level 3.3 Dodging
 - Level 3.1 Stealth
 * Level 11.5 Spellcasting
 + Level 6.4 Conjurations
 - Level 1.1 Summonings
 - Level 1.1 Translocations
 + Level 5.1 Fire Magic
 - Level 1.1 Air Magic
 - Level 2.0 Poison Magic
 - Level 1.0 Evocations


You had 20 spell levels left.
You knew the following spells:

 Your Spells              Type           Power      Damage    Failure   Level
a - Magic Dart            Conj           100%       1d8       1%          1
b - Mephitic Cloud        Conj/Pois/Air  29%        N/A       5%          3
c - Call Imp              Summ           19%        N/A       6%          2
d - Blink                 Tloc           38%        N/A       6%          2
e - Conjure Flame         Conj/Fire      41%        6-21      1%          3

Your spell library contained the following spells:

 Spells                   Type           Power      Damage    Failure   Level
 Shock                    Conj/Air       100%       1d9       1%          1
 Slow                     Hex            52%        N/A       7%          1


Dungeon Overview and Level Annotations

Branches:
Dungeon (8/15)             Temple (1/1) D:5
   Lair: D:8-11

Altars:
Ashenzari
Cheibriados
Dithmenos
Fedhas
Gozag
Hepliaklqana
Kikubaaqudgha
Nemelex Xobeh
Qazlal
Ru
Trog
Uskayaw
Vehumet
Wu Jian
Zin
The Shining One

Shops:
D:2 =   D:6 ?


Message History

Found 11 gold pieces.
Found a stone staircase leading down.
The orc barely misses you. The wight closely misses you.
You feel stable enough to blink again.
You open the door.
The wight hits you with a +0 great sword!
You feel drained.
There is an open door here.
Casting: Blink (safe; 6% risk of failure)
Confirm with . or Enter, or press ? or * to list all spells.
A beastly little devil appears in a puff of frigid air.
You swap places.
The orc barely misses you.
The orc hits your white imp but does no damage.
The wight hits your white imp with a +3 scimitar of freezing.
Your white imp hits the wight.
Your white imp freezes the wight.
The wight completely resists.
You hit the orc.
The orc is severely wounded.
The orc hits you with a +0 hand axe.
The orc hits your white imp with a +0 hand axe.
The wight hits your white imp with a +3 scimitar of freezing!
Your white imp dies!
Your white imp disappears in a puff of smoke!
You hit the orc.
You kill the orc!
Vehumet accepts your kill.
Unknown command.
Casting: Call Imp (safe; 6% risk of failure)
Confirm with . or Enter, or press ? or * to list all spells.
You blink.
The wight barely misses you.
The wight hits you with a +4 short sword of freezing!
The wight freezes you.
The wight hits you with a +0 great sword!
* * * LOW HITPOINT WARNING * * *
You feel drained.
* * * LOW HITPOINT WARNING * * *
The wight hits you with a +3 scimitar of freezing.
* * * LOW HITPOINT WARNING * * *
You feel drained.
You die...

#........#.....#....# . .
#........#..)..#....# ..
#........#.....#....# ...
#........#.....#....# ....
#........#.....#....#
.....###'##...#.....####'##.
#........#####.............
#.....<..#.z.#.............
#........#@z)#.o...........
#........#ยง.zoo............
#........#####.............
#........# ########.....#
#........+ #.....#
#........# #.....#
#........# .....# >$..#


You could see 3 wights and 2 orcs.

Vanquished Creatures
  Menkaure (D:6)
  An ice beast (D:7)
  An orc warrior (D:6)
  2 black bears (D:6)
  3 necrophages
  3 ogres
  2 centaurs
  A phantom (D:6)
  2 bullfrogs (D:7)
  2 scorpions
  A wyvern zombie (D:6)
  4 killer bees (D:7)
  2 wights
  A howler monkey (D:6)
  2 centaur zombies (D:5)
  2 hounds
  A jelly (D:6)
  A bullfrog zombie (D:5)
  3 orc priests (D:7)
  A bullfrog skeleton (D:6)
  6 iguanas
  Terence (D:1)
  4 orc wizards
  Robin (D:1)
  4 gnolls (D:6)
  9 adders
  A white imp (D:7)
  An ufetubus (D:6)
  A worm (D:3)
  2 dart slugs
  12 orcs
  4 endoplasms
  A giant cockroach (D:4)
  11 goblins
  6 hobgoblins
  7 kobolds
  3 quokkas
  8 ball pythons
  3 bats (D:2)
  A frilled lizard (D:1)
  4 rats
126 creatures vanquished.

Vanquished Creatures (collateral kills)
  Sigmund (D:2)
1 creature vanquished.

Grand Total: 127 creatures vanquished

Notes
Turn   | Place    | Note
-------+----------+-------------------------------------------
     0 | D:1      | pokeman the Deep Elf Hedge Wizard began the quest for the
                  | Orb.
     0 | D:1      | Reached XP level 1. HP: 10/10 MP: 7/7
   674 | D:1      | Reached XP level 2. HP: 16/16 MP: 3/9
  1185 | D:2      | Reached skill level 5 in Spellcasting
  1185 | D:2      | Reached XP level 3. HP: 20/20 MP: 4/11
  1185 | D:2      | Noticed Sigmund
  1185 | D:2      | Noticed Robin
  1189 | D:2      | Learned a level 3 spell: Mephitic Cloud
  1432 | D:2      | Noticed Terence
  1473 | D:1      | Learned a level 2 spell: Call Imp
  1476 | D:1      | Learned a level 2 spell: Blink
  1480 | D:1      | Learned a level 3 spell: Conjure Flame
  1506 | D:1      | Killed Terence
  1507 | D:1      | Reached skill level 1 in Fighting
  1507 | D:1      | Reached skill level 1 in Armour
  1818 | D:1      | Killed Robin
  1819 | D:1      | Reached XP level 4. HP: 14/25 MP: 4/13
  2184 | D:2      | Killed Sigmund
  2185 | D:2      | Reached skill level 6 in Spellcasting
  2185 | D:2      | Reached skill level 1 in Fire Magic
  2185 | D:2      | Reached XP level 5. HP: 22/29 MP: 6/16
  2263 | D:2      | Found a bloodstained altar of Trog.
  2510 | D:2      | Found Utot Ofa's Jewellery Emporium.
  2566 | D:2      | Reached XP level 6. HP: 34/34 MP: 13/17
  2650 | D:2      | Identified the +7 dagger "Queju" {venom, rElec}
  2706 | D:3      | Found a faded altar of an unknown god.
  3523 | D:4      | Reached skill level 7 in Spellcasting
  3523 | D:4      | Reached skill level 1 in Air Magic
  3825 | D:4      | Reached skill level 1 in Evocations
  3947 | D:4      | Reached skill level 1 in Poison Magic
  4028 | D:4      | Reached XP level 7. HP: 36/38 MP: 14/20
  4235 | D:5      | Entered Level 5 of the Dungeon
  4236 | D:5      | Found a staircase to the Ecumenical Temple.
  4245 | Temple   | Entered the Ecumenical Temple
  4275 | Temple   | Became a worshipper of Vehumet
  4476 | D:4      | Reached skill level 8 in Spellcasting
  4949 | D:5      | Reached XP level 8. HP: 44/44 MP: 3/22
  5374 | D:6      | Reached skill level 9 in Spellcasting
  5699 | D:6      | Found Peent's Magic Scroll Emporium.
  5706 | D:6      | Bought a scroll of magic mapping for 45 gold pieces
  5865 | D:6      | Reached skill level 5 in Conjurations
  6086 | D:6      | Reached skill level 10 in Spellcasting
  6146 | D:6      | Reached * piety under Vehumet
  6146 | D:6      | Offered knowledge of Shock by Vehumet.
  6178 | D:6      | Identified the +1 mace of Vueng {freeze, Will- Int+5 Dex-5
                  | Stlth+}
  6541 | D:6      | Found a hazy altar of Hepliaklqana.
  6809 | D:6      | Noticed Menkaure
  6820 | D:6      | Killed Menkaure
  6821 | D:6      | Reached XP level 9. HP: 26/48 MP: 15/25
  7374 | D:7      | Reached skill level 11 in Spellcasting
  7850 | D:7      | Reached skill level 5 in Fire Magic
  8345 | D:8      | HP: 1/47 [wight (5)]
  8345 | D:8      | Slain by a wight

Illustrated notes

Levels and vault maps discovered:
D:1:      co_arrival_random_square_maze, layout_loops_ring
D:2:      layout_rooms, serial_shops, shop, basic_altar, uniq_sigmund,
          uniq_terence, uniq_robin
D:3:      layout_basic, nicolae_ecumenical_snake_handling, grunt_decor_junction
D:4:      layout_rooms
D:5:      layout_rooms, minmay_temple_entry_sparse_star, minmay_door_square
D:6:      layout_cave_pods, kennysheep_mini, serial_shops,
          nicolae_stop_n_shop_2, minmay_fractal_squares_5, uniq_menkaure
D:7:      layout_loops_cross, corexii_hall_statues_x
D:8:      layout_gridville, minmay_misc_feat_secret_circle
Temple:   compressed_dpeg_circular_temple

Skill      XL: |  1  2  3  4  5  6  7  8  9 |
---------------+----------------------------+-----
Spellcasting   | 5 6 7 8 10 11 | 11.5
Fighting       | 1 2 |  2.8
Armour         | 1 3 |  3.0
Conjurations   | 2 3 4 5 6 |  6.4
Dodging        | 3 |  3.3
Fire Magic     | 1 2 4 5 |  5.1
Stealth        | 3 |  3.1
Air Magic      | 1 |  1.1
Evocations     | 1 |  1.0
Poison Magic   | 1 2 |  2.0
Summonings     | |  1.1
Translocations | |  1.1

Action                   |  1- 3 |  4- 6 |  7- 9 || total
-------------------------+-------+-------+-------++-------
Melee: Dagger            |    11 |    14 |    71 ||    96
       Punch             |     1 |     2 |     1 ||     4
       Trident           |     5 |    10 |       ||    15
 Cast: Magic Dart        |    63 |   101 |   170 ||   334
       Mephitic Cloud    |     3 |     4 |    22 ||    29
       Call Imp          |     1 |     1 |     1 ||     3
       Conjure Flame     |     1 |     1 |    20 ||    22
       Blink             |     1 |       |     4 ||     5
 Stab: Confused          |     2 |     3 |     4 ||     9
Armor: Robe              |     2 |     5 |    10 ||    17
       Leather armour    |       |       |    11 ||    11
Dodge: Dodged            |    18 |    23 |    53 ||    94

Table legend: (Time is in decaauts)
 A = Elapsed time spent in this place.
 B = Non-inter-level travel time spent in this place.
 C = Inter-level travel time spent in this place.
 D = Time resting spent in this place.
 E = Time spent auto-exploring this place.
 F = Levels seen in this place.
 G = Mean time per level.
                   A        B        C        D        E       F      G
               +--------+--------+--------+--------+--------+-----+--------+
         Total |   8357 |   8034 |    323 |   1084 |   5697 |   9 |  928.6 |
       Dungeon |   8298 |   8003 |    295 |   1084 |   5681 |   8 | 1037.2 |
        Temple |     59 |     31 |     28 |      0 |     16 |   1 |   59.0 |
               +--------+--------+--------+--------+--------+-----+--------+

Top non-repeatable levels by time:
     D:1: 2055 daAuts
     D:6: 1769 daAuts
     D:4: 990 daAuts
     D:7: 953 daAuts
     D:5: 905 daAuts
     D:3: 819 daAuts
     D:2: 639 daAuts
     D:8: 164 daAuts
  Temple: 59 daAuts
